 Dungeon Sprint DCSS version 0.18-a0-1372-gd644665 (webtiles) character file.

0 namelastname112 the Skirmisher (level 2, -4/25 HPs)
             Began as a Demonspawn Berserker on Feb 21, 2016.
             Was a Believer of Trog.
             Slain by a gnoll
             ... wielding a +0 whip
              (7 damage)
             ... in the Dungeon (Sprint VI: "Thunderdome").
             The game lasted 00:00:46 (83 turns).

namelastname112 the Skirmisher (Demonspawn Berserker) Turns: 83, Time: 00:00:52

Health: -4/25      AC:  2    Str: 17    XL:     2   Next: 65%
Magic:  2/2        EV: 13    Int:  8    God:    Trog [**....]
Gold:   200        SH:  0    Dex: 12    Spells: 0 memorised, 1 level left

rFire  . . .     SeeInvis .     a - +0 hand axe
rCold  . . .     Gourm    .     b - +0 animal skin
rNeg   . . .     Faith    .     (no shield)
rPois  .         Spirit   .     (no helmet)
rElec  .         Dismiss  .     (no cloak)
rCorr  .         Reflect  .     (no gloves)
SustAt .         Harm     .     (no boots)
MR     .....     NoTele   +     (no amulet)
Stlth  +.........               (no ring)
                                (no ring)

@: not resistant to hostile enchantments, very unstealthy
A: powered by pain 1
a: Berserk, Trog's Hand, Burn Spellbooks, Renounce Religion


You were in the Dungeon.
You worshipped Trog.
Trog was pleased with you.
You were not hungry.

You visited 1 branch You collected 200 gold pieces.

Inventory:

Hand Weapons
 a - a +0 hand axe (weapon)
Armour
 b - a +0 animal skin (worn)
 n - a +0 ring mail
Wands
 k - a wand of acid (5/15)
 l - a wand of iceblast (5/15)
Scrolls
 i - 4 scrolls of blinking
 m - 3 scrolls of fog
Potions
 e - 3 potions of heal wounds
 f - 4 potions of haste
 g - 2 potions of magic
 h - a potion of berserk rage
 j - a potion of resistance
Comestibles
 c - a bread ration
 d - 6 chunks of flesh


   Skills:
 + Level 4.0 Fighting
 + Level 3.6 Axes
 + Level 3.0 Armour
 + Level 2.9 Dodging


You had one spell level left.
You didn't know any spells.

Dungeon Overview and Level Annotations

Branches:
Dungeon (1/1)

Altars:
Cheibriados
Dithmenos
Fedhas
Gozag
Okawaru
Vehumet
Xom
The Shining One
Lugonu

Shops:
D !!!!


Innate Abilities, Weirdness & Mutations

You sometimes gain a little power by taking damage.


Message History

You start resting.
You feel yourself speed up.
You butcher the orc corpse.
d - 6 chunks of flesh (gained 4)
Things that are here:
a club; a ring mail; an orc skeleton You start resting.
A gnoll comes into view. It is wielding a whip.
n - a ring mail The gnoll shouts!
You hit the gnoll.
The gnoll is heavily wounded.
The gnoll barely misses you.
You hit the gnoll.
The gnoll is severely wounded.
You feel less exhausted. The gnoll hits you with a whip!
* * * LOW HITPOINT WARNING * * *
The gnoll hits you with a whip!
You die...

###. .......### #⌠..
.......⌠# #.8..
.....8.###### .....
#......___∩## ...8.
#.8........∩###
...###.............##
#...# #..........⌠#
#.<.# #..........§#
#...###.@g.).....⌠#
.....###.............##
...8. #.8........∩###
..... #......_._∩##
#.8.. .....8.######
#⌠.. ........⌠#
###.........###
......._# ......._#


You could see a gnoll.

Vanquished Creatures
  2 adders (D)
  An orc (D)
  A rat (D)
4 creatures vanquished.

Notes
Turn   | Place    | Note
--------------------------------------------------------------
     0 | D        | namelastname112 the Demonspawn Berserker began the quest for the Orb.
     0 | D        | Reached XP level 1. HP: 18/18 MP: 1/1
     3 | D        | Found a blossoming altar of Fedhas.
     3 | D        | Found an iron altar of Okawaru.
     4 | D        | Found a snail-covered altar of Cheibriados.
     5 | D        | Found a corrupted altar of Lugonu.
     5 | D        | Found a shadowy altar of Dithmenos.
     5 | D        | Round 1.
     6 | D        | Found a glowing golden altar of the Shining One.
     6 | D        | Found a radiant altar of Vehumet.
     7 | D        | Found Tawi's Do-It-Yourself Clinic.
     7 | D        | Found a shimmering altar of Xom.
     7 | D        | Found an opulent altar of Gozag.
     7 | D        | Found Vesiw's Distillery.
     8 | D        | Found Ecsuing's Bottled Wisdom.
     8 | D        | Found Mikueki's Distillery.
    25 | D        | Gained mutation: You sometimes gain a little power by taking damage. [demonic ancestry]
    25 | D        | Reached XP level 2. HP: 18/24 MP: 2/2
    63 | D        | Reached ** piety under Trog
    63 | D        | Reached skill level 4 in Fighting
    83 | D        | Slain by a gnoll

Vault maps used:
D:        arena_sprint

Action                   || total
-------------------------++-------
Melee: Hand axe          ||    23
Invok: Berserk           ||     1
  Use: Potion            ||     2
